 Dungeon Crawl Stone Soup version 0.19.1-1-g22dce08 (webtiles) character file.

760 JeffiDaFish the Skirmisher (level 7, 0/44 HPs)
             Began as a Gargoyle Fighter on Jan 8, 2017.
             Slain by Prince Ribbit (2 damage)
             ... on level 5 of the Dungeon.
             The game lasted 00:06:53 (3210 turns).

JeffiDaFish the Skirmisher (Gargoyle Fighter)       Turns: 3210, Time: 00:06:53

Health: 0/44       AC: 15    Str: 19    XL:     7   Next: 80%
Magic:  9/9        EV: 10    Int: 14    God:
Gold:   245        SH: 10    Dex: 11    Spells: 1 memorised, 8 levels left

rFire  . . .     SeeInvis .     s - +0 morningstar
rCold  . . .     Gourm    .     b - +0 scale mail
rNeg   + . .     Faith    .     c - +0 shield
rPois  ∞         Spirit   .     (no helmet)
rElec  +         Reflect  .     h - +0 cloak
rCorr  .         Harm     .     (no gloves)
MR     .....                    m - +1 pair of boots
Stlth  ..........               (no amulet)
                                a - +5 ring of intelligence
                                g - +3 ring of evasion

@: exhausted, very slightly contaminated, hasted and slowed
A: negative energy resistance 1, sense surroundings 1, electricity resistance,
unbreathing, petrification resistance, rot immunity, AC +4
a: no special abilities


You were on level 5 of the Dungeon.
You were not hungry.

You visited 1 branch of the dungeon, and saw 5 of its levels.

You collected 245 gold pieces.

Inventory:

Hand Weapons
 s - a +0 morningstar (weapon)
Armour
 b - a +0 scale mail (worn)
 c - a +0 shield (worn)
 h - a +0 cloak (worn)
 m - a +1 pair of boots (worn)
Jewellery
 a - a +5 ring of intelligence (right hand)
 g - a +3 ring of evasion (left hand)
Wands
 u - a wand of flame (34/48)
Scrolls
 j - 7 scrolls of teleportation
 k - 3 scrolls of identify
 r - a scroll of remove curse
Potions
 e - a potion of flight
 q - a potion of resistance
 t - a potion of haste
Books
 l - a book of Necromancy

   Spells                             Type                      Level
   a - Pain                           Necromancy                   1
   b - Animate Skeleton               Necromancy                   1
   c - Vampiric Draining              Necromancy                   3
   d - Regeneration                   Charms/Necromancy            3
   e - Animate Dead                   Necromancy                   4
   f - Control Undead                 Necromancy                   4
Comestibles
 d - a beef jerky
 f - 3 bread rations
 n - 2 meat rations
 p - a slice of pizza
 v - a chunk of flesh


   Skills:
 * Level 5.4 Fighting
 * Level 4.4 Maces & Flails
 * Level 5.2 Armour
 - Level 0.2 Dodging
 * Level 5.4 Shields
 + Level 1.6 Spellcasting
 + Level 1.2 Necromancy


You had 8 spell levels left.
You knew the following spells:

 Your Spells              Type           Power        Failure   Level  Hunger
a - Animate Skeleton      Necr           N/A          97%         1    ##.....


Dungeon Overview and Level Annotations

Branches:
Dungeon (5/15)
 Temple: D:4-7

Altars:
Trog

Annotations:
D:5 Prince Ribbit


Innate Abilities, Weirdness & Mutations

You are resistant to torment.
Your stone body is resilient. (AC +4)
You are immune to poison.
You resist negative energy. (rN+)
You are resistant to electric shocks. (rElec)
You can survive without breathing.
You are immune to petrification.
You are immune to rotting.
You passively map a small area around you.


Message History

You feel better.
Prince Ribbit croaks regally.
Prince Ribbit hits you.
* * * LOW HITPOINT WARNING * * *
You block Prince Ribbit's attack.
You feel better.
Prince Ribbit blinks!
Prince Ribbit barely misses you.
You feel yourself speed up. Prince Ribbit hits you!
* * * LOW HITPOINT WARNING * * *
Prince Ribbit hops awkwardly around.
Prince Ribbit blinks!
You are very lightly contaminated with residual magic.
Prince Ribbit says, "You're just another fly to me."
You closely miss Prince Ribbit.
Prince Ribbit is moderately wounded.
Prince Ribbit winks and puckers his lips.
You block Prince Ribbit's attack. Prince Ribbit closely misses you.
You puncture Prince Ribbit!
Prince Ribbit is heavily wounded.
Prince Ribbit hits you.
You die...

.## #.#.# * * # ..##### #.#.# * *
# #.....# #.#.## * ..###.###
#.#..## *,* ........###.#.#.#####
* #####.#.#....###F...# # ,
#.#.....## ##.#.##)#####* *
#.###.#..###F#...#...... ,* #.#
#.#.#.#.@.......#
#.###.#.##.###..(#.##
#.............#.##.###### #
#..##.#.##.##.#.#...#...#####
#####..##.#.##.##.........#......
.............#.##.#.#...#..(#####
######>.............##.######
#.#####...#...###.# #.#
#..#.###.##.#


You could see Prince Ribbit.

Vanquished Creatures
  Grinder (D:5)
  Menkaure (D:4)
  An ogre (D:5)
  A scorpion (D:5)
  An orc priest (D:4)
  A jelly (D:5)
  2 orc wizards (D:4)
  2 worker ants (D:5)
  4 adders
  3 oozes
  2 worms (D:2)
  2 dart slugs
  2 leopard geckos
  7 orcs (D:4)
  2 ball pythons (D:3)
  8 bats
  A giant cockroach (D:2)
  5 goblins
  9 hobgoblins
  7 jackals
  A quokka (D:2)
  4 frilled lizards
  A jackal skeleton (D:5)
  12 kobolds
  A quokka skeleton (D:4)
  3 rats
84 creatures vanquished.

Notes
Turn   | Place    | Note
-------+----------+-------------------------------------------
     0 | D:1      | JeffiDaFish the Gargoyle Fighter began the quest for the Orb.
     0 | D:1      | Reached XP level 1. HP: 14/14 MP: 1/1
    26 | D:1      | Reached XP level 2. HP: 19/19 MP: 2/2
   330 | D:1      | Reached XP level 3. HP: 19/24 MP: 3/3
   381 | D:1      | Gained mutation: You passively map a small area around you. [potion of beneficial mutation]
   775 | D:2      | Reached XP level 4. HP: 26/29 MP: 4/4
  1160 | D:3      | Learned a level 1 spell: Animate Skeleton
  1591 | D:3      | Found a faded altar of an unknown god.
  1668 | D:4      | Noticed Menkaure
  1675 | D:4      | Killed Menkaure
  1675 | D:4      | Reached XP level 5. HP: 34/34 MP: 5/5
  1701 | D:4      | Reached XP level 6. HP: 37/39 MP: 6/6
  2544 | D:5      | Entered Level 5 of the Dungeon
  2556 | D:5      | Reached skill level 5 in Fighting
  2556 | D:5      | Reached skill level 1 in Spellcasting
  2679 | D:5      | Reached skill level 5 in Shields
  2679 | D:5      | Reached skill level 1 in Necromancy
  2700 | D:5      | Reached XP level 7. HP: 35/44 MP: 8/8
  2714 | D:5      | Found a bloodstained altar of Trog.
  2901 | D:5      | Noticed Grinder
  2905 | D:5      | Paralysed by Grinder for 3 turns
  2921 | D:5      | Killed Grinder
  2921 | D:5      | Reached skill level 5 in Armour
  3070 | D:5      | Noticed Prince Ribbit
  3202 | D:5      | HP: 1/44 [Prince Ribbit (9)]
  3210 | D:5      | Slain by Prince Ribbit

Skill      XL: |  1  2  3  4  5  6  7 |
---------------+----------------------+-----
Fighting       | 4 5 |  5.4
Shields        | 4 5 |  5.4
Maces & Flails | 3 4 |  4.4
Armour         | 4 5 |  5.2
Spellcasting   | 1 |  1.6
Necromancy     | 1 |  1.2
Dodging        | |  0.2

Action                   |  1- 3 |  4- 6 |  7- 9 || total
-------------------------+-------+-------+-------++-------
Melee: Flail             |   137 |   149 |       ||   286
       Morningstar       |       |    29 |    67 ||    96
  Use: Scroll            |     3 |     4 |     1 ||     8
       Potion            |     6 |     4 |     6 ||    16
  Eat: Chunk             |       |     6 |     2 ||     8
Armor: Scale mail        |    94 |   113 |    21 ||   228
Dodge: Dodged            |    50 |    85 |    33 ||   168
Block: Shield            |    82 |   131 |    28 ||   241
